 Dungeon Crawl Stone Soup version 0.22-a0-305-gd21a89c538 (webtiles) character file.

1091 Oravi the Slicer (level 8, -6/46 HPs)
             Began as a Kobold Hunter on Apr 1, 2018.
             Was an Initiate of Dithmenos.
             Mangled by a two-headed ogre
             ... wielding a +0 giant spiked club
              (9 damage)
             ... on level 5 of the Dungeon.
             The game lasted 00:30:10 (6500 turns).

Oravi the Slicer (Kobold Hunter)                    Turns: 6500, Time: 00:30:13

Health: -6/46      AC:  5    Str:  9    XL:     8   Next: 56%
Magic:  8/8        EV: 16    Int: 12    God:    Dithmenos [......]
Gold:   240        SH:  0    Dex: 20    Spells: 7/7 levels left

rFire    . . .     SeeInvis .   b - +0 short sword
rCold    . . .     Gourm    .   (shield restricted)
rNeg     . . .     Faith    .   c - +0 leather armour
rPois    .         Spirit   .   k - +2 hat
rElec    .         Reflect  .   (no cloak)
rCorr    +         Harm     .   (no gloves)
MR       .....                  (no boots)
Stlth    ++........             (no amulet)
HPRegen  0.15/turn              r - ring of resist corrosion
MPRegen  0.11/turn              p - +2 ring of dexterity

@: no status effects
A: small, carnivore
a: Renounce Religion


You were on level 5 of the Dungeon.
You worshipped Dithmenos.
Dithmenos was noncommittal.
You were full.

You visited 2 branches of the dungeon, and saw 6 of its levels.
You also visited: Sewer.

You collected 240 gold pieces.

Inventory:

Hand Weapons
 a - a +2 hand crossbow
 b - a +0 short sword (weapon)
Missiles
 d - 39 bolts
Armour
 c - a +0 leather armour (worn)
 k - a +2 hat (worn)
Jewellery
 e - an uncursed amulet of faith
 j - an uncursed ring of wizardry
 p - a +2 ring of dexterity (right hand)
 r - a ring of resist corrosion (left hand)
Wands
 h - a wand of acid (2)
Scrolls
 g - 7 scrolls of identify
 i - 2 scrolls of remove curse
 l - 2 scrolls of enchant weapon
 n - a scroll of noise {unknown}
 o - 2 scrolls of teleportation {unknown}
 q - a scroll of magic mapping {unknown}
Potions
 m - 2 potions of flight
Comestibles
 f - 9 rations


   Skills:
 + Level 3.3 Fighting
 + Level 10.3 Short Blades
 + Level 6.6 Crossbows
 + Level 3.6 Dodging
 - Level 1.3 Stealth


You had 7 spell levels left.
You didn't know any spells.

Dungeon Overview and Level Annotations

Branches:
Dungeon (5/15)             Temple (1/1) D:4

Altars:
Ashenzari
Cheibriados
Dithmenos
Elyvilon
Fedhas
Gozag
Hepliaklqana
Kikubaaqudgha
Makhleb
Nemelex Xobeh
Qazlal
Sif Muna
Trog
Xom
Yredelemnul
Zin
The Shining One

Shops:
D:4 (


Innate Abilities, Weirdness & Mutations

You are small and have problems with some larger weapons.
You are carnivorous and can eat meat at any time.


Message History

There is a stone staircase leading up here.
Evoke which item? (* to show all) (? for menu, Esc to quit)
Aiming: Corrosive Bolt
Press: ? - help, Shift-Dir - straight line, f/p - two-headed ogre
Aim: a two-headed ogre, wielding two giant spiked clubs (lightly wounded)
The bolt of acid hits the two-headed ogre.
The two-headed ogre is splashed with acid.
The acid corrodes the two-headed ogre!
The two-headed ogre is heavily wounded.
Evoke which item? (* to show all) (? for menu, Esc to quit)
Aiming: Corrosive Bolt
Press: ? - help, Shift-Dir - straight line, f/p - two-headed ogre
Aim: a two-headed ogre, wielding two giant spiked clubs (heavily wounded, covered in acid)
The bolt of acid hits the two-headed ogre.
The two-headed ogre is splashed with acid.
The two-headed ogre is heavily wounded.
The two-headed ogre hits you with a giant spiked club!
* * * LOW HITPOINT WARNING * * *
The two-headed ogre hits you with a giant spiked club!
You die...

#..<.......# ####..........#
####### #.............#
##.....## #.##.........##
##....)..## #.##.........#
#.........# #.#..........#
#.........# #.#..........#
#.........#
#............#######.........#
................@O....)......#
...########...######.........#
.#.## #.#...####.........#
....#### #O###...<..........#
..#....# #..#####...........#
.....#. ##...#.............#
.###.# # ###...###........##
.## ... ....(..##.#.....## ..#
. ##.#(#.......####


You could see a two-headed ogre.

Vanquished Creatures
  Menkaure (D:5)
  An eye of draining (D:5)
  2 phantoms (D:4)
  A big kobold (Sewer)
  Blork the orc (D:4)
  A scorpion (D:5)
  A crimson imp (D:5)
  A bullfrog zombie (D:5)
  2 hounds (D:4)
  Terence (D:3)
  An iguana (D:4)
  Natasha (thrice) (D:2)
  3 worker ants (D:4)
  A hound skeleton (D:4)
  7 adders
  2 river rats
  4 worms
  2 dart slugs
  2 leopard geckos
  7 orcs
  7 giant cockroaches
  5 goblins
  9 hobgoblins
  A jackal (Sewer)
  7 ball pythons
  7 bats
  4 frilled lizards
  2 kobolds
  9 rats
  A fungus (D:4)
96 creatures vanquished.

Notes
Turn   | Place    | Note
-------+----------+-------------------------------------------
     0 | D:1      | Oravi the Kobold Hunter began the quest for the Orb.
     0 | D:1      | Reached XP level 1. HP: 12/12 MP: 1/1
    69 | D:1      | Reached skill level 5 in Crossbows
   157 | D:1      | Reached XP level 2. HP: 1/17 MP: 2/2
   476 | D:1      | Reached skill level 1 in Short Blades
  1005 | D:1      | Reached skill level 2 in Short Blades
  1132 | D:1      | Reached XP level 3. HP: 21/21 MP: 3/3
  1281 | D:2      | Found a shattered altar of Ashenzari.
  1409 | D:2      | Noticed Natasha
  1413 | D:2      | Killed Natasha
  1413 | D:2      | Reached skill level 3 in Short Blades
  1413 | D:2      | Reached XP level 4. HP: 26/26 MP: 4/4
  1620 | D:2      | Reached skill level 4 in Short Blades
  1693 | D:2      | Noticed Natasha
  1698 | D:2      | Killed Natasha
  1906 | D:2      | Reached skill level 5 in Short Blades
  1906 | D:2      | Reached XP level 5. HP: 30/30 MP: 5/5
  2187 | D:3      | Found a glowing drain.
  2225 | Sewer    | Entered a sewer
  2465 | Sewer    | Noticed a big kobold
  2537 | Sewer    | Killed a big kobold
  2537 | Sewer    | Reached skill level 6 in Short Blades
  2537 | Sewer    | Reached XP level 6. HP: 17/35 MP: 6/6
  2767 | Sewer    | Found a white marble altar of Elyvilon.
  2896 | D:2      | Noticed Natasha
  2900 | D:2      | Killed Natasha
  2900 | D:2      | Reached skill level 7 in Short Blades
  3036 | D:3      | Found a white marble altar of Elyvilon.
  3093 | D:3      | Noticed Terence
  3104 | D:3      | Killed Terence
  3263 | D:3      | Found a snail-covered altar of Cheibriados.
  3440 | D:3      | Found a faded altar of an unknown god.
  3480 | D:3      | Found a glowing golden altar of the Shining One.
  3943 | D:4      | Noticed a phantom
  3988 | D:4      | Killed a phantom
  3988 | D:4      | Reached skill level 8 in Short Blades
  3988 | D:4      | Reached XP level 7. HP: 32/40 MP: 7/7
  4137 | D:4      | Reached skill level 9 in Short Blades
  4213 | D:4      | Found a staircase to the Ecumenical Temple.
  4221 | Temple   | Entered the Ecumenical Temple
  4228 | Temple   | Became a worshipper of Dithmenos the Shadowed
  4802 | D:4      | Found Yloheuf's Weapon Shop.
  5185 | D:4      | Noticed Blork the orc
  5194 | D:4      | Killed Blork the orc
  5194 | D:4      | Reached XP level 8. HP: 35/45 MP: 8/8
  5588 | D:5      | Entered Level 5 of the Dungeon
  5654 | D:5      | Noticed Menkaure
  5671 | D:5      | Killed Menkaure
  5671 | D:5      | Reached skill level 10 in Short Blades
  6166 | D:5      | Noticed a two-headed ogre
  6500 | D:5      | Mangled by a two-headed ogre

Vault maps used:
D:1:      dpeg_arrival_rhombi, minmay_stone_trees_medium
D:2:      evilmike_ruin_ashenzari, uniq_natasha
D:3:      lemuel_doored_altar, old_standard_altar, portal_sewer_entry_a,
          first_ration, chequers_ecumenical_altar_grove,
          nicolae_tso_swordbearing_angel, uniq_terence
D:4:      minmay_temple_entry_large_hall, serial_shops,
          nicolae_shop_window_shopping, st_stairs_12, minmay_gold_behind_fungi,
          uniq_blork_the_orc
D:5:      dancing_weapons_uskayaw, serial_shops, kennysheep_little_box,
          uniq_menkaure
Temple:   nicolae_temple_no_exploring_needed
Sewer:    sewer_kobolds

Skill      XL: |  1  2  3  4  5  6  7  8 |
---------------+-------------------------+-----
Crossbows      | 5 6 |  6.6
Short Blades   | 2 3 5 6 8 9 10 | 10.3
Dodging        | 3 |  3.6
Fighting       | 3 |  3.3
Stealth        | |  1.3

Action                   |  1- 3 |  4- 6 |  7- 9 || total
-------------------------+-------+-------+-------++-------
Melee: Short sword       |    87 |   290 |   209 ||   586
 Fire: Hand crossbow     |     3 |    45 |    62 ||   110
Evoke: Wand              |       |       |     2 ||     2
  Use: Potion            |       |     6 |     6 ||    12
       Scroll            |       |     3 |       ||     3
 Stab: Sleeping          |     5 |       |       ||     5
  Eat: Chunk             |    10 |     7 |     6 ||    23
Armor: Leather armour    |    32 |    53 |    26 ||   111
Dodge: Dodged            |    61 |   165 |    83 ||   309

Table legend:
 A = Spawn XP
 B = Non-spawn XP
 C = Spawn XP percentage of total XP
 D = Spawn monster count
 E = Non-spawn monster count
 F = Spawn count percentage of total count
 G = Total turns spent on level
                    A         B        C        D         E        F      G
               +---------+---------+-------+---------+---------+-------+---------
         Total |       0 |    1559 |   0.0 |       0 |      95 |   0.0 |  6500
               +---------+---------+-------+---------+---------+-------+---------
           D:1 |       0 |      31 |   0.0 |       0 |      19 |   0.0 |  1248
           D:2 |       0 |     157 |   0.0 |       0 |      18 |   0.0 |   962
           D:3 |       0 |      98 |   0.0 |       0 |      23 |   0.0 |  1009
           D:4 |       0 |     649 |   0.0 |       0 |      19 |   0.0 |  1773
           D:5 |       0 |     503 |   0.0 |       0 |       8 |   0.0 |   861
         Sewer |       0 |     121 |   0.0 |       0 |       8 |   0.0 |   632
               +---------+---------+-------+---------+---------+-------+---------
